 Dungeon Crawl Stone Soup version 0.31-a0-221-gbddc013574 (webtiles) character file.

Game seed: 7090380427051511814

65 avis the Caller (level 3, -1/14 HPs)
             Began as a Felid Summoner on July 4, 2023.
             Killed by nerve-wracking pain
             ... invoked by Grinder
              (11 damage)
             ... while paralysed by Grinder
             ... on level 3 of the Dungeon.
             The game lasted 00:21:35 (2400 turns).

avis the Caller (Felid Summoner)                    Turns: 2400, Time: 00:21:35

Health: -1/14      AC:  1    Str:  4    XL:     3   Next: 94%
Magic:  6/9        EV:  4    Int: 18    God:
Gold:   130        SH:  0    Dex: 16    Spells: 0/9 levels left
                                        Lives:  0   Deaths: 1

rFire   . . .        (weapon unavailable)
rCold   . . .        (shield unavailable)
rNeg    . . .        (body armour unavailable)
rPois   .            (helmet unavailable)
rElec   .            (cloak unavailable)
rCorr   .            (gloves unavailable)
SInv    +            (boots unavailable)
Will    .....        (no amulet)
Stlth   ++           (no ring)
HPRegen 0.22/turn    (no ring)
MPRegen 0.11/turn

%: no passive effects
@: paralysed, quick
A: very small, claws 1, fangs 3, see invisible, speed 1, shaggy fur 1, stealthy
paws, no weapons or thrown items, no armour, multi-lived
a: no special abilities


You were on level 3 of the Dungeon.
You visited 1 branch of the dungeon, and saw 3 of its levels.

You collected 130 gold pieces.

Inventory:

Jewellery
 p - a +6 ring of strength
Scrolls
 c - 3 scrolls of teleportation {unknown}
 d - a scroll of noise {unknown}
 g - a scroll of fear {unknown}
 i - a scroll of enchant armour {unknown}
 j - 2 scrolls of identify {unknown}
 k - a scroll of enchant weapon {unknown}
 l - 2 scrolls of poison {unknown}
 n - a scroll of amnesia {unknown}
 o - a scroll of blinking {unknown}
Potions
 a - a potion of magic
 b - 2 potions of enlightenment {unknown}
 e - a potion of cancellation {unknown}
 f - 2 potions of brilliance {unknown}
 h - 2 potions of might {unknown}
 m - a potion of heal wounds {unknown}


   Skills:
 - Level 2.6 Dodging
 - Level 2.6 Stealth
 * Level 3.9 Spellcasting
 + Level 1.6 Hexes
 + Level 4.8 Summonings


You couldn't memorise any spells.
You knew the following spells:

 Your Spells              Type           Power      Damage    Failure   Level
a - Summon Small Mammal   Summ           80%        N/A       1%          1
c - Call Imp              Summ           40%        N/A       3%          2
d - Call Canine Familiar  Summ           20%        N/A       6%          3
g - Summon Guardian Gole  Hex/Summ       15%        N/A       12%         3

Your spell library contained the following spells:

 Spells                   Type           Power      Damage    Failure   Level
 Cigotuvi's Dreadful Rot  Necr/Pois/Air  6%         N/A       22%         2
 Summon Lightning Spire   Summ/Air       12%        N/A       50%         4
 Dispel Undead            Necr           3%         3d7       83%         4
 Death Channel            Necr           1%         N/A       100%        6


Dungeon Overview and Level Annotations

Branches:
Dungeon (3/15)

Altars:
Kikubaaqudgha
Trog

Annotations:
D:3 Grinder


Innate Abilities, Weirdness & Mutations

You have sharp claws.
You have razor-sharp teeth.
You have supernaturally acute eyesight. (SInv)
You cover ground quickly. (Speed+)
You are covered in fur. (AC +1)
Your paws help you pounce on unaware monsters.
You are incapable of wielding weapons or throwing items.
You cannot wear armour.
You gain extra lives every three experience levels.


Message History

What are your orders? t - Meow!
Orders for allies: a - Attack new target. p - Attack previous target. r - Retreat! s - Stop attacking. g - Guard the area. f - Follow me.
Anything else - Cancel.
Gang up on whom?
Press: ? - help, Dir - move target, f/p - Grinder
Aim: Grinder (heavily wounded) Attack!
Found a thin garnet amulet.
Your hound closely misses Grinder.
Casting: Call Imp (safe; 3% risk of failure)
Confirm with . or Enter, or press ? or * to list all spells.
A tiny devil pulls itself out of the air.
Your hound bites Grinder but does no damage.
Grinder hits your cerulean imp.
Your hound closely misses Grinder.
Okay, then.
Unknown command.
Okay, then.
Your hound barely misses Grinder.
Grinder hits your cerulean imp but does no damage.
Your cerulean imp barely misses Grinder.
Your hound bites Grinder.
Grinder hits your cerulean imp!
Your cerulean imp dies!
Your cerulean imp disappears in a puff of smoke!
Your hound bites Grinder but does no damage.
Casting: Call Imp (safe; 3% risk of failure)
Confirm with . or Enter, or press ? or * to list all spells.
A tiny devil pulls itself out of the air.
Your hound barely misses Grinder.
Grinder gestures at you.
You suddenly lose the ability to move!
Your hound barely misses Grinder.
Grinder gestures at you. Pain shoots through your body!
Your hound bites Grinder.
Your hound bites Grinder but does no damage.
Grinder gestures at you. Pain shoots through your body!
Ouch! That really hurt!
You die...

#..#### #.#
##'#.)## #.#
.##....# #.#
.†'..).# #..
.)##..## ##.# ##
..##+## .###.# #.#
.##..## "....h#
#.. ##....#
.....5.#5# #'....#
#@# .##..## #.#
..##############.#
..#..........<...#
)##......#######.#
'#.#####.# #.#
..## #.# #.#
########.# #.#
....<....# #.#


You could see Grinder (ally target), a friendly hound (summoned) and a friendly
cerulean imp (summoned).

Vanquished Creatures
  3 bats (D:1)
3 creatures vanquished.

Vanquished Creatures (collateral kills)
  A gnoll (D:3)
  5 adders
  4 worms
  2 dart slugs
  4 ball pythons
  An endoplasm (D:3)
  3 giant cockroaches
  10 goblins
  3 hobgoblins
  5 jackals
  A quokka (D:3)
  3 bats
  3 frilled lizards
  9 kobolds
  7 rats
61 creatures vanquished.

Grand Total: 64 creatures vanquished

Notes
Turn   | Place    | Note
-------+----------+-------------------------------------------
     0 | D:1      | avis the Felid Summoner began the quest for the Orb.
     0 | D:1      | Reached XP level 1. HP: 7/7 MP: 4/4
   166 | D:1      | Reached XP level 2. HP: 11/11 MP: 1/6
   732 | D:1      | Learned a level 2 spell: Call Imp
   922 | D:2      | Reached XP level 3. HP: 14/14 MP: 6/8
  1151 | D:2      | Learned a level 3 spell: Call Canine Familiar
  1343 | D:2      | Reached XP level 4. HP: 18/18 MP: 5/10
  1347 | D:2      | Learned a level 3 spell: Summon Guardian Golem
  1433 | D:2      | Found an ancient bone altar of Kikubaaqudgha.
  1952 | D:3      | Reached skill level 1 in Hexes
  2120 | D:3      | Found a bloodstained altar of Trog.
  2325 | D:3      | Noticed Grinder
  2349 | D:3      | Killed from afar by Grinder
  2350 | D:3      | Reached XP level 3. HP: -1/14 MP: 0/9
  2398 | D:3      | Paralysed by Grinder for 5 turns
  2400 | D:3      | Killed from afar by Grinder

Illustrated notes

Levels and vault maps discovered:
D:1:      dpeg_arrival_rooms_c, layout_basic
D:2:      layout_rooms, basic_altar
D:3:      minmay_bubble_buster, layout_loops_ring, lemuel_crystal_altar,
          uniq_grinder

Skill      XL: |  1  2  3  4 |
---------------+-------------+-----
Spellcasting   | 3 |  3.9
Hexes          | 1 |  1.6
Dodging        | |  2.6
Stealth        | |  2.6
Summonings     | |  4.8

Action                     |  1- 3 |  4- 6 || total
---------------------------+-------+-------++-------
  Melee: Unarmed           |    11 |     4 ||    15
         Bite              |     2 |       ||     2
         Punch             |     1 |       ||     1
   Cast: Summon Small Mamm |    57 |     4 ||    61
         Call Imp          |     5 |     9 ||    14
         Call Canine Famil |     1 |    11 ||    12
  Dodge: Dodged            |    33 |     8 ||    41

Table legend: (Time is in decaauts)
 A = Elapsed time spent in this place.
 B = Non-inter-level travel time spent in this place.
 C = Inter-level travel time spent in this place.
 D = Time resting spent in this place.
 E = Time spent auto-exploring this place.
 F = Levels seen in this place.
 G = Mean time per level.
                   A        B        C        D        E       F      G
               +--------+--------+--------+--------+--------+-----+--------+
         Total |   2107 |   2029 |     78 |    350 |    897 |   3 |  702.3 |
       Dungeon |   2107 |   2029 |     78 |    350 |    897 |   3 |  702.3 |
               +--------+--------+--------+--------+--------+-----+--------+

Top non-repeatable levels by time:
     D:1: 790 daAuts
     D:2: 708 daAuts
     D:3: 607 daAuts
